Map: Backwater LE

Players

Serral - Winner!

  • Race: Zerg Zerg
  • Spawn Location: 5:00

bly

  • Race: Zerg Zerg
  • Spawn Location: 11:00

Event: WESG 2017 Haikou

VOD

Have the link to the VOD?

Description

Time

  • Played on: March 15, 2018, 10:15 p.m.
  • Length: 6:20

All games in this series

Show
View Real Time Build Order
Export as new Build Order

Serral Zerg - Winner!

Build Orders: Hatch First 

Get SALT Encoding   

  12  0:00  Drone  
  13  0:12  Overlord  
  13  0:17  Drone  
  14  0:30  Drone x2  
  14  0:34  Drone  
  17  0:51  Hatchery  
  17  0:54  Drone  
  17  0:57  Drone  
  18  1:07  Extractor  
  17  1:12  Spawning Pool  
  17  1:15  Drone  
  17  1:18  Drone  
  18  1:28  Drone  
  19  1:44  Overlord  
  19  1:52  Drone  
  20  1:58  Queen  
  22  2:03  Queen  
  22  2:07  Metabolic Boost  
  24  2:13  Drone x3  
  27  2:16  Drone  
  27  2:21  Drone  
  29  2:29  Drone  
  30  2:33  Zergling x2  
  30  2:37  Hatchery  
  30  2:42  Overlord  
  31  2:44  Drone  
  31  2:46  Drone  
  32  2:54  Drone  
  32  2:58  Baneling Nest, Drone  
  33  3:04  Drone  
  34  3:08  Drone x4  
  34  3:12  Drone x2  
  40  3:13  Zergling x2  
  41  3:20  Overlord  
  41  3:27  Evolution Chamber  
  41  3:29  Zergling x4  
  43  3:37  Zergling x2  
  43  3:40  Queen, Zergling x6  
  49  3:42  Overlord  
  49  3:45  Extractor, Roach Warren  
  49  3:47  Zergling x4  
  49  3:54  Zerg Missile Weapons Level 1, Drone  
  50  3:55  Drone  
  50  3:57  Drone, Overlord  
  50  3:59  Drone  
  50  4:00  Drone  
  54  4:03  Drone  
  54  4:06  Drone  
  56  4:10  Drone x2  
  56  4:14  Overlord  
  58  4:21  Overlord  
  58  4:24  Drone x5  
  58  4:26  Drone  
  58  4:28  Drone  
  64  4:32  Drone  
  64  4:33  Drone  
  64  4:36  Drone  
  65  4:40  Extractor  
  65  4:43  Overlord  
  64  4:46  Roach x2  
  66  4:55  Roach x5  
  76  5:03  Overlord  
  76  5:06  Roach x2  
  80  5:09  Roach  
  80  5:10  Roach x4  
  89  5:17  Overlord x3  
  89  5:21  Spine Crawler  
  88  5:26  Roach  
  88  5:27  Roach x2  
  94  5:34  Roach x2  
  98  5:44  Roach x8  
  114  5:55  Extractor, Overlord  
Show
View Real Time Build Order
Export as new Build Order

bly Zerg 

Build Orders: Hatch First, Roach Nydus 

Get SALT Encoding   

  12  0:01  Drone  
  13  0:13  Overlord  
  13  0:17  Drone  
  14  0:31  Drone x2  
  14  0:35  Drone  
  17  0:52  Hatchery  
  17  0:56  Drone  
  17  0:58  Drone  
  18  1:11  Spawning Pool  
  18  1:16  Drone  
  18  1:19  Drone  
  19  1:41  Drone  
  19  1:42  Drone, Hatchery  
  20  1:58  Queen  
  22  2:03  Queen  
  22  2:04  Drone  
  22  2:06  Drone  
  26  2:11  Overlord  
  26  2:20  Overlord  
  28  2:22  Drone x2  
  28  2:25  Extractor  
  28  2:26  Drone  
  28  2:33  Queen  
  30  2:39  Extractor  
  29  2:45  Drone  
  29  2:46  Drone x2  
  29  2:49  Drone  
  33  2:51  Queen  
  33  2:55  Drone  
  33  2:56  Drone  
  37  3:02  Drone  
  38  3:06  Drone x2  
  38  3:07  Drone  
  41  3:13  Evolution Chamber  
  41  3:17  Roach Warren  
  39  3:22  Drone x2  
  41  3:30  Lair  
  41  3:37  Evolution Chamber  
  40  3:41  Overlord  
  40  3:43  Drone  
  40  3:44  Drone x2  
  40  3:45  Drone  
  40  3:46  Extractor  
  43  3:58  Overlord  
  43  4:23  Roach x2, Zergling x2  
  43  4:24  Roach x3  
  52  4:39  Roach x3  
  57  4:48  Nydus Network  
  55  4:54  Roach x5  
  55  4:55  Overlord  
  62  5:07  Roach  
  62  5:08  Roach  
  62  5:11  Overlord  
  66  5:25  Nydus Canal  
  66  5:31  Overlord  
  66  5:33  Roach x4  
  73  5:47  Nydus Canal  
Tags
 
Add a new tag
Caveats
  • Supply blocks, unpowered buildings, or Contaminate may cause inaccurate times.
  • Supply counts are checked every 10 seconds.